 Dungeon Crawl Stone Soup version 0.28-a0-819-g6ef7baa362 (webtiles) character file.

Game seed: 14022227172758809894

90 iamoutofideas the Firebug (level 4, 15/30 HPs)
             Began as a Demonspawn Fire Elementalist on Nov 9, 2021.
             Quit the game on level 2 of the Dungeon.
             The game lasted 00:04:08 (3098 turns).

iamoutofideas the Firebug (DsFE)                    Turns: 3098, Time: 00:04:08

Health: 15/30      AC:  5    Str:  8    XL:     4   Next: 32%
Magic:  5/8        EV: 12    Int: 17    God:
Gold:   46         SH:  0    Dex: 14    Spells: 3/9 levels left

rFire   . . .      SeeInvis .   c - +0 short sword
rCold   . . .      Faith    .   (no shield)
rNeg    . . .      Spirit   .   a - +0 robe
rPois   .          Reflect  .   (helmet restricted)
rElec   .          Harm     .   (no cloak)
rCorr   .          Rampage  .   h - +2 pair of gloves
Will    .....                   (no boots)
Stlth   ++........              (no amulet)
HPRegen 0.10/turn               (no ring)
MPRegen 0.11/turn               (no ring)

@: no status effects
A: horns 1, demonic guardian 1, demonic magic 1
a: no special abilities


You were on level 2 of the Dungeon.
You visited 1 branch of the dungeon, and saw 2 of its levels.

You collected 46 gold pieces.

Inventory:

Hand Weapons
 c - a +0 short sword (weapon)
Armour
 a - a +0 robe (worn)
 h - a +2 pair of gloves (worn)
Potions
 d - a potion of haste
 e - 2 potions of heal wounds {unknown}
 f - a potion of flight {unknown}
 g - a potion of magic {unknown}


   Skills:
 + Level 1.9 Dodging
 - Level 1.7 Stealth
 * Level 3.0 Spellcasting
 + Level 1.7 Conjurations
 + Level 3.7 Fire Magic


You had 3 spell levels left.
You knew the following spells:

 Your Spells              Type           Power      Damage    Failure   Level
a - Foxfire               Conj/Fire      44%        2x1d6     5%          1
b - Scorch                Fire           30%        2d6       5%          2
c - Conjure Flame         Conj/Fire      11%        6-21      17%         3

Your spell library contained the following spells:

 Spells                   Type           Power      Damage    Failure   Level
 Static Discharge         Conj/Air       5%         N/A       19%         2
 Inner Flame              Hex/Fire       8%         N/A       24%         3
 Flame Wave               Conj/Fire      11%        3d4       50%         4
 Lightning Bolt           Conj/Air       2%         1d14      98%         5
 Maxwell's Capacitive Co  Air            1%         ∞         100%        8


Dungeon Overview and Level Annotations

Branches:
Dungeon (2/15)

Altars:

Shops:
D:1 [

Annotations:
D:1 exclusion: downstairs
D:2 Sigmund


Innate Abilities, Weirdness & Mutations

You have a pair of small horns on your head.
A weak demonic guardian rushes to your aid.
Spells you cast may paralyse adjacent enemies.


Message History

Your quasit bites Terence but does no damage.
Your quasit claws Terence but does no damage. x2
The helpless Terence fails to defend himself.
You hit Terence but do no damage.
Terence is heavily wounded.
Your quasit disappears in a puff of smoke!
The helpless Terence fails to defend himself.
You hit Terence.
Terence is severely wounded.
The helpless Terence fails to defend himself.
You hit Terence but do no damage.
Terence is severely wounded.
The helpless Terence fails to defend himself.
You hit Terence but do no damage.
Terence is severely wounded.
The helpless Terence fails to defend himself.
You hit Terence.
You kill Terence!
You have reached level 4!
You feel agile.
You feel monstrous as your demonic heritage exerts itself.
Your demonic ancestry asserts itself...
A pair of horns grows on your head!
Unknown command.
It was a potion of lignification.
You turn into a tree.
Your +2 pair of gloves melds into your body.
Your +0 robe melds into your body.
Your roots penetrate the ground.
You cannot move.
Unknown command.
You start resting.
Your transformation is almost over.
You start resting.
You feel less wooden.
Your +2 pair of gloves unmelds from your body.
Your +0 robe unmelds from your body.
You start resting.
Your extra speed is starting to run out.
You start resting.
You feel yourself slow down.
Are you sure you want to abandon this character and quit the game? (Confirm with "yes".)

#.# #..... #.# #.#### #.#
#.# #.# #.# #.# #.# #.#
#.# #.# #.# #########.##
#.###
.(......@..#########...##
#####..)........##..#...
#....<...#####.##.###..
#.##.##.## #.......#..# #
#....# ...........##
#.#### .#.#.####.## #.# #
#. #.# #.#####.. . #.#
#......... #.###


There were no monsters in sight!

Vanquished Creatures
  Terence (D:2)
  2 adders (D:2)
  2 dart slugs (D:1)
  5 endoplasms (D:1)
  A giant cockroach (D:1)
  A goblin (D:1)
  4 hobgoblins
  4 kobolds (D:1)
  A quokka (D:1)
  5 ball pythons
  6 bats
  12 frilled lizards
  4 rats (D:1)
48 creatures vanquished.

Vanquished Creatures (collateral kills)
  5 foxfires (D:1)
5 creatures vanquished.

Vanquished Creatures (others)
  191 foxfires
  8 plants (D:1)
199 creatures vanquished.

Grand Total: 252 creatures vanquished

Notes
Turn   | Place    | Note
-------+----------+-------------------------------------------
     0 | D:1      | iamoutofideas the Demonspawn Fire Elementalist began the
                  | quest for the Orb.
     0 | D:1      | Reached XP level 1. HP: 13/13 MP: 3/3
   460 | D:1      | Gained mutation: Spells you cast may paralyse adjacent
                  | enemies. [demonic ancestry]
   460 | D:1      | Reached XP level 2. HP: 18/19 MP: 1/5
  1004 | D:1      | Found Zaed's Antique Armour Emporium.
  1206 | D:1      | Gained mutation: A weak demonic guardian rushes to your
                  | aid. [demonic ancestry]
  1206 | D:1      | Reached XP level 3. HP: 24/24 MP: 0/6
  1823 | D:1      | Found a faded altar of an unknown god.
  2158 | D:2      | Noticed Sigmund
  2207 | D:2      | HP: 1/24 [Sigmund/magic dart (8)]
  2495 | D:1      | Learned a level 2 spell: Scorch
  2499 | D:1      | Learned a level 3 spell: Conjure Flame
  2999 | D:2      | Noticed Terence
  3046 | D:2      | Killed Terence
  3047 | D:2      | Discovered your monstrous ancestry.
  3047 | D:2      | Gained mutation: You have a pair of small horns on your
                  | head. [demonic ancestry]
  3047 | D:2      | Reached XP level 4. HP: 11/30 MP: 1/8
  3098 | D:2      | Quit the game

Illustrated notes

Levels and vault maps discovered:
D:1:      onia_arrival_mini_spirals, layout_loops_ring,
          hellmonk_ecumenical_altar_arch_garden, serial_shops,
          nicolae_lakefront_shop, minmay_lizard_king
D:2:      layout_loops_ring, dk_vineyard_3, uniq_terence, uniq_sigmund

Skill      XL: |  1  2  3 |
---------------+----------+-----
Fire Magic     | 3 |  3.7
Spellcasting   | 3 |  3.0
Dodging        | |  1.9
Stealth        | |  1.7
Conjurations   | |  1.7

Action                   |  1- 3 |  4- 6 || total
-------------------------+-------+-------++-------
Melee: Unarmed           |     7 |       ||     7
       Short sword       |    24 |       ||    24
 Cast: Foxfire           |   139 |       ||   139
       Scorch            |     4 |       ||     4
  Use: Potion            |     1 |     1 ||     2
 Stab: Paralysed         |     8 |       ||     8
Armor: Robe              |     4 |       ||     4
Dodge: Dodged            |    32 |       ||    32

Table legend: (Time is in decaauts)
 A = Elapsed time spent in this place.
 B = Non-inter-level travel time spent in this place.
 C = Inter-level travel time spent in this place.
 D = Time resting spent in this place.
 E = Time spent auto-exploring this place.
 F = Levels seen in this place.
 G = Mean time per level.
                   A        B        C        D        E       F      G
               +--------+--------+--------+--------+--------+-----+--------+
         Total |   3081 |   2969 |    112 |    755 |   1676 |   2 | 1540.5 |
       Dungeon |   3081 |   2969 |    112 |    755 |   1676 |   2 | 1540.5 |
               +--------+--------+--------+--------+--------+-----+--------+

Top non-repeatable levels by time:
     D:1: 2331 daAuts
     D:2: 750 daAuts
